 Dungeon Crawl Stone Soup version bcrawl-1.12-11-gb93c957c58 (webtiles) character file.

Game seed: 14744580486825456811

6608 MisterOstroum the Basher (level 10, -2/82 HPs)
             Began as a Demonspawn Archaeologist on June 30, 2019.
             Was an Elder of Wu Jian.
             Slain by an orc warrior
             ... wielding a +0 halberd
              (15 damage)
             ... in a bailey.
             The game lasted 00:26:09 (10866 turns).

MisterOstroum the Basher (DsAc)                    Turns: 10866, Time: 00:26:09

Health: -2/82      AC: 17    Str: 13    XL:     10   Next: 71%
Magic:  10/10      EV: 18    Int: 15    God:    Wu Jian [****..]
Gold:   94         SH:  8    Dex: 19    Spells: 9/9 levels left

rFire    x . .     SeeInvis .   f - +6 shillelagh "Devastator" {shatter}
rCold    + + .     Gourm    .   y - +0 buckler
rNeg     + . .     Faith    .   j - +2 ice dragon scales
rPois    .         Spirit   .   b - +1 hat
rElec    .         Reflect  +   (no cloak)
rCorr    +         Harm     .   d - +1 pair of gloves
MR       .....                  c - +1 pair of boots
Stlth    +++.......             G - +3 amulet of reflection
HPRegen  0.23/turn              D - ring of positive energy
MPRegen  0.12/turn              K - ring of resist corrosion

@: agile, exhausted, lightly drained
A: antennae 2, demonic guardian 1, sturdy frame 2
a: Wall Jump, Serpent's Lash, Heavenly Storm, Renounce Religion


You were in a bailey.
You worshipped Wu Jian.
Wu Jian was greatly pleased with you.
You were not hungry.

You visited 1 branch of the dungeon, and saw 9 of its levels.
You also visited: Bailey.

You collected 1102 gold pieces.
You spent 1008 gold pieces at shops.

Inventory:

Hand Weapons
 f - the +6 shillelagh "Devastator" (weapon) {shatter}
Missiles
 s - 969 stones (quivered)
 H - 59 javelins
 I - 186 tomahawks
 N - a throwing net {!f!f}
Armour
 b - a +1 hat (worn)
 c - a +1 pair of boots (worn)
 d - a +1 pair of gloves (worn)
 j - +2 ice dragon scales (worn)
 y - a +0 buckler (worn)
Jewellery
 D - a ring of positive energy (left hand)
 G - a +3 amulet of reflection (around neck)
 K - a ring of resist corrosion (right hand)
Wands
 u - a wand of digging (7)
 C - a wand of acid (11)
Scrolls
 h - 2 scrolls of blinking {unknown}
 l - a scroll of fog {unknown}
 m - a scroll of amnesia {unknown}
 o - 9 scrolls of teleportation {unknown}
 p - 8 scrolls of identify {@r1}
 q - 3 scrolls of enchant weapon {unknown}
 x - 2 scrolls of remove curse {unknown}
 A - a scroll of fear {unknown}
 E - 2 scrolls of magic mapping {unknown}
 M - a scroll of noise {unknown}
Potions
 g - 2 potions of agility {unknown}
 i - 2 potions of flight
 k - a potion of degeneration {unknown}
 n - 2 potions of brilliance {unknown}
 t - a potion of berserk rage {unknown}
 v - 2 potions of heal wounds {@q2 !q}
 z - 3 potions of curing
 B - a potion of invisibility
 F - 3 potions of mutation {unknown}
 L - 2 potions of cancellation {unknown}
Comestibles
 a - 7 chunks of flesh
 e - 18 rations {!d}


   Skills:
 + Level 8.9(8.3) Fighting
 * Level 11.4(10.9) Maces & Flails
 + Level 3.3(2.9) Armour
 - Level 4.7(4.2) Dodging
 - Level 3.0(2.5) Stealth
 - Level 4.0(3.6) Shields


You had 9 spell levels left.
You didn't know any spells.
Your spell library contained the following spells:

 Spells                   Type           Power        Failure   Level  Hunger
 Sandblast                Erth           #.....       50%         1    ##.....
 Passwall                 Tmut/Erth      #.......     65%         2    ###....
 Stone Arrow              Conj/Erth      #.....       86%         3    ####...
 Petrify                  Tmut/Erth      #.......     99%         4    #####..
 Lee's Rapid Deconstruct  Erth           #.........   100%        5    ######.


Dungeon Overview and Level Annotations

Branches:
Dungeon (9/12)             Temple (0/1) D:5            Lair (0/6) D:7
    Orc (0/1) D:8

Altars:
Elyvilon
Gozag
Kikubaaqudgha
Lugonu
Nemelex Xobeh
Trog
Uskayaw
Vehumet
Wu Jian
Zin

Shops:
D:6 }:[[(   D:8 *


Innate Abilities, Weirdness & Mutations

You have a pair of antennae on your head.
A weak demonic guardian rushes to your aid.
Your movements are less encumbered by armour. (ER -4)


Message History

You block the orc's attack.
You lunge at the orc warrior, in a flurry of attacks.
You hit the orc warrior.
The orc warrior and the orc shudder.
The orc warrior is lightly wounded.
You kill the orc!
The Council accepts your kill.
The orc warrior is lightly wounded.
You sock the orc warrior!
The orc warrior shudders.
The orc warrior is severely wounded. x2
The orc warrior hits you with a +0 glaive!!
You hit the orc warrior.
The orc warrior shudders.
The orc warrior is almost dead.
You completely miss the orc warrior.
The orc warrior is almost dead.
You block the orc warrior's attack.
You hit the orc warrior.
The orc warrior shudders.
You kill the orc warrior!
The Council accepts your kill.
Your quasit disappears in a puff of smoke!
Items here: $ )) [[ † You butcher the orc corpse.
Items here: $ % )) [[ ÷ You lunge at the orc.
You thump the orc!
You kill the orc!
The Council accepts your kill.
Items here: $ % )) [[ ÷ The orc knight roars a battlecry!
The orc warrior goes into a battle-frenzy!
You lunge at the orc warrior, in a flurry of attacks.
You hit the orc warrior but do no damage.
You barely miss the orc warrior.
You float gracefully downwards.
You block the orc warrior's attack.
You hit the orc warrior but do no damage.
The orc warrior hits you with a +0 halberd!
Really attack near your ufetubus? [Y]es or [N]o only, please.
Really attack near your ufetubus?
Okay, then.
Really attack near your ufetubus?
You sock the orc warrior!
Your demonic guardian avoids your attack.
The orc warrior and your ufetubus shudder.
The orc warrior is severely wounded.
You kill your ufetubus!
The orc warrior is severely wounded.
You hit the orc warrior.
The orc warrior shudders.
The orc warrior is almost dead. x2
The orc warrior hits you with a +0 halberd!
The orc knight hits you but does no damage.
You hit the orc warrior but do no damage.
The orc warrior is almost dead.
The orc warrior closely misses you.
Unknown command.
You barely miss the orc warrior.
The orc warrior is almost dead.
You block the orc knight's attack.
You hit the orc warrior.
You kill the orc warrior!
The Council accepts your kill.
Your white imp hits the orc knight.
Your white imp freezes the orc knight.
The orc warrior misses you.
Your white imp hits the orc knight but does no damage.
The orc warrior barely misses your white imp.
You block the orc knight's attack.
Things that are here:
a +0 halberd; a +0 chain mail Your white imp completely misses the orc knight.
The orc warrior no longer looks unusually strong.
The orc warrior hits your white imp with a +0 halberd!
Your white imp dies!
The orc knight roars a battlecry!
The orc warrior goes into a battle-frenzy!
Okay, then.
Your iron imp hits the orc knight but does no damage.
Okay, then.
Okay, then.
Okay, then.
Your iron imp misses the orc knight.
Your muscles tense, ready for explosive movement...
You lunge with incredible momentum at the orc knight.
Really attack near your iron imp?
You sock the orc knight!
Your demonic guardian avoids your attack.
The orc knight, the orc warrior and your iron imp shudder.
The orc knight is moderately wounded.
The orc warrior is moderately wounded.
You kill your iron imp!
The orc knight is moderately wounded.
You hit the orc knight but do no damage.
The orc knight is moderately wounded.
The orc knight hits you with a +0 glaive!
The orc warrior hits you from afar with a +0 halberd!
* * * LOW HITPOINT WARNING * * *
Okay, then.
Aiming: Wall Jump
Press: ? - help, Dir - move target cursor
Aiming: Wall Jump
Press: ? - help, Dir - move target cursor You feel drained.
Your supernatural speed expires.
The orc warrior hits you from afar with a +0 halberd!
You die...

### { #########∩#########
##.°☼o.##.∩.##.....##
#..○°○o.#.))#..≈≈≈..#
..#.≈°@○≈..)..))≈≈.≈≈.#
...'.≈°○○≈.....).≈5∩.≈.'
...#.≈≈.≈≈.......≈≈.≈≈.#
#...#..≈≈≈..#...#..≈≈≈..#
#.. ##.....##...##.....##
##{ #########∩#########
###


You could see an orc knight and an orc warrior.

Vanquished Creatures
  A troll (D:7)
  Grinder (D:5)
  A hornet (D:7)
  Sigmund (D:5)
  3 yaks (D:8)
  Eustachio (D:5)
  Edmund (D:5)
  11 orc warriors
  An ice beast (D:7)
  3 sky beasts
  4 ogres
  8 centaurs
  A crocodile (D:7)
  A wyvern zombie (D:5)
  A big kobold (D:8)
  3 bullfrogs
  2 scorpions (D:6)
  A water moccasin skeleton (D:4)
  5 killer bees (D:8)
  4 howler monkeys
  8 crimson imps
  3 centaur skeletons
  7 orc priests
  2 hounds
  2 jellies
  11 orc wizards
  An iguana (D:6)
  5 worker ants
  A hound skeleton (D:4)
  A worker ant zombie (D:5)
  4 gnolls (D:3)
  A howler monkey skeleton (D:4)
  7 adders
  2 shadow imps (D:5)
  An ooze (D:4)
  An adder zombie (D:5)
  An adder skeleton (D:4)
  5 dart slugs
  7 worms
  5 leopard geckos
  49 orcs
  2 giant cockroaches
  4 goblins (D:1)
  7 hobgoblins
  9 jackals
  4 quokkas
  3 ball pythons
  9 bats
  2 frilled lizards
  A jackal skeleton (D:4)
  13 kobolds
  A leopard gecko zombie (D:5)
  13 rats
246 creatures vanquished.

Vanquished Creatures (collateral kills)
  A troll (D:8)
  A bullfrog (D:6)
  A bullfrog zombie (D:5)
  4 orcs
7 creatures vanquished.

Vanquished Creatures (others)
  2 orc warriors (Bailey)
  An orc (D:3)
3 creatures vanquished.

Grand Total: 256 creatures vanquished

Notes
Turn   | Place    | Note
-------+----------+-------------------------------------------
     0 | D:1      | MisterOstroum the Demonspawn Archaeologist began the quest
                  | for the Orb.
     0 | D:1      | Reached XP level 1. HP: 15/15 MP: 1/1
   286 | D:1      | Gained mutation: Your movements are slightly less
                  | encumbered by armour. (ER -2) [demonic ancestry]
   286 | D:1      | Reached XP level 2. HP: 22/22 MP: 2/2
   847 | D:1      | Gained mutation: You have a pair of small antennae on your
                  | head. [demonic ancestry]
   847 | D:1      | Reached XP level 3. HP: 29/29 MP: 3/3
  1346 | D:2      | Reached skill level 1 in Maces & Flails
  1842 | D:2      | Reached skill level 2 in Maces & Flails
  2607 | D:3      | Gained mutation: Your movements are less encumbered by
                  | armour. (ER -4) [demonic ancestry]
  2607 | D:3      | Reached XP level 4. HP: 25/35 MP: 4/4
  2800 | D:3      | Found a hide-covered altar of Uskayaw.
  2944 | D:3      | Reached skill level 3 in Maces & Flails
  3548 | D:3      | Reached skill level 4 in Maces & Flails
  3548 | D:3      | Gained mutation: You have a pair of antennae on your head.
                  | [demonic ancestry]
  3548 | D:3      | Reached XP level 5. HP: 41/42 MP: 5/5
  3903 | D:3      | Noticed a centaur
  3918 | D:3      | Killed a centaur
  3918 | D:3      | Reached skill level 5 in Maces & Flails
  4067 | D:3      | Reached XP level 6. HP: 41/48 MP: 6/6
  4335 | D:4      | Found a white marble altar of Elyvilon.
  4472 | D:4      | Reached skill level 6 in Maces & Flails
  4806 | D:4      | Found a radiant altar of Vehumet.
  4806 | D:4      | Found a glowing silver altar of Zin.
  4910 | D:4      | Found a sparkling altar of Nemelex Xobeh.
  4911 | D:4      | Found an opulent altar of Gozag.
  5078 | D:4      | Gained mutation: A weak demonic guardian rushes to your
                  | aid. [demonic ancestry]
  5078 | D:4      | Reached XP level 7. HP: 55/55 MP: 7/7
  5292 | D:4      | Found an ornate altar of the Wu Jian Council.
  5567 | D:4      | Became a worshipper of the Wu Jian Council
  5639 | D:4      | Reached skill level 5 in Fighting
  5694 | D:4      | Reached skill level 7 in Maces & Flails
  5723 | D:4      | Reached skill level 1 in Shields
  5877 | D:5      | Entered Level 5 of the Dungeon
  5933 | D:5      | Reached XP level 8. HP: 47/63 MP: 8/8
  5934 | D:5      | Reached * piety under Wu Jian
  5951 | D:5      | Noticed Edmund
  5975 | D:5      | Noticed Grinder
  5984 | D:5      | Killed Grinder
  5984 | D:5      | Reached skill level 8 in Maces & Flails
  6182 | D:5      | Killed Edmund
  6196 | D:5      | Noticed Eustachio
  6557 | D:6      | Found Jouwiuts's Book Shop.
  6589 | D:5      | Killed Eustachio
  6634 | D:5      | Found a staircase to the Ecumenical Temple.
  6648 | D:5      | Reached skill level 9 in Maces & Flails
  6648 | D:5      | Reached XP level 9. HP: 71/71 MP: 9/9
  6651 | D:5      | Noticed Sigmund
  6673 | D:5      | Killed Sigmund
  7437 | D:6      | Reached ** piety under Wu Jian
  7452 | D:6      | Found Istrorom's Armour Shoppe.
  7473 | D:6      | Found Lirpheyga's Weapon Shoppe.
  7783 | D:6      | Found Kugo Sea's Gadget Shop.
  8076 | D:6      | Found Umnobist's Antique Armour Emporium.
  8433 | D:7      | Noticed a troll
  8437 | D:7      | Killed a troll
  8437 | D:7      | Reached skill level 10 in Maces & Flails
  8559 | D:7      | Found a staircase to the Lair.
  8613 | D:7      | Found a corrupted altar of Lugonu.
  8717 | D:7      | Noticed a moth of wrath
  8720 | D:7      | Found a bloodstained altar of Trog.
  8891 | D:7      | Found the +3 giant club "Skullcrusher" {speed, Str+7}
  8947 | D:7      | Reached *** piety under Wu Jian
  8947 | D:7      | Reached XP level 10. HP: 35/80 MP: 10/10
  9366 | D:6      | Bought +2 ice dragon scales for 1008 gold pieces
  9600 | D:8      | Found a staircase to the Orcish Mines.
  9635 | D:8      | Found an ancient bone altar of Kikubaaqudgha.
  9670 | D:8      | Reached skill level 1 in Armour
  9749 | D:8      | Found Seac's General Store.
  9998 | D:8      | Reached skill level 11 in Maces & Flails
 10503 | D:9      | Found a flagged portal.
 10516 | Bailey   | Entered a bailey
 10528 | Bailey   | Reached **** piety under Wu Jian
 10836 | Bailey   | Noticed an orc knight
 10866 | Bailey   | Slain by an orc warrior

Skill      XL: |  1  2  3  4  5  6  7  8  9 10 |
---------------+-------------------------------+-----
Fighting       | 2 3 4 5 6 7 8 |  8.9
Maces & Flails | 2 4 5 6 7 9 10 11 | 11.4
Dodging        | 3 4 |  4.7
Shields        | 2 3 4 |  4.0
Armour         | 3 |  3.3
Stealth        | |  3.0

Action                   |  1- 3 |  4- 6 |  7- 9 | 10-12 || total
-------------------------+-------+-------+-------+-------++-------
Melee: Short sword       |    74 |       |       |       ||    74
       Unarmed           |    10 |       |       |       ||    10
       Club              |     5 |       |       |       ||     5
       Spear             |    91 |       |       |       ||    91
       Whip              |    27 |    87 |       |       ||   114
       Flail             |       |   159 |       |       ||   159
       Shillelagh        |       |     8 |   180 |   116 ||   304
Throw: Stone             |    59 |    61 |   110 |    37 ||   267
Invok: Whirlwind         |       |       |    18 |    18 ||    36
       Lunge             |       |       |    23 |    17 ||    40
 Abil: Wall Jump         |       |       |     3 |     1 ||     4
       Serpent's Lash    |       |       |       |     1 ||     1
  Use: Scroll            |     1 |       |       |     2 ||     3
       Potion            |       |     1 |       |     2 ||     3
 Stab: Sleeping          |     6 |       |     1 |       ||     7
       Betrayed ally     |       |       |       |     1 ||     1
  Eat: Chunk             |     5 |     8 |    13 |     4 ||    30
       Ration            |       |       |       |     1 ||     1
Armor: Robe              |    68 |       |       |       ||    68
       Leather armour    |       |    75 |    24 |       ||    99
       Ice dragon scales |       |       |       |    32 ||    32
Dodge: Dodged            |   111 |   145 |    62 |    39 ||   357
Block: Buckler           |       |     5 |    24 |    26 ||    55
       Reflection        |       |       |       |     7 ||     7
